Map: Void Training Stage 1

Players

Gracz - Winner!

  • Race: Terran Terran
  • League: Silver

Player 2

  • Race: Protoss Protoss

VOD

Have the link to the VOD?

Description

Time

  • Played on: Sept. 24, 2016, 11:11 a.m.
  • Length: 9:28
Show
View Real Time Build Order
Export as new Build Order

Gracz Terran - Winner!

Build Orders: MMM Bio 

Get SALT Encoding   

  12  0:01  SCV  
  13  0:13  SCV  
  14  0:18  Supply Depot  
  14  0:26  SCV  
  15  0:40  SCV  
  16  0:45  Barracks  
  16  0:48  Refinery  
  16  0:55  SCV  
  17  1:03  Refinery  
  17  1:07  SCV  
  18  1:19  SCV  
  19  1:31  SCV  
  20  1:35  Marine  
  20  1:38  Supply Depot  
  21  1:44  Orbital Command  
  21  1:53  Barracks Reactor  
  21  2:01  Barracks  
  21  2:09  SCV  
  22  2:21  SCV  
  23  2:30  Barracks  
  23  2:33  SCV  
  24  2:49  Barracks Reactor, Marine x2  
  26  2:53  SCV  
  27  3:09  Supply Depot, Command Center  
  27  3:11  Marine  
  28  3:18  Barracks Tech Lab  
  28  3:29  Marine x2  
  28  3:30  Marine x2  
  32  3:42  Marauder  
  32  3:47  Marine x2  
  32  3:48  Marine x2  
  36  3:52  Supply Depot  
  38  4:11  Marauder  
  38  4:15  Stimpack  
  40  4:22  Barracks  
  40  4:27  Refinery  
  40  4:32  Marauder  
  40  4:34  Refinery  
  42  4:42  Reaper x4  
  46  4:51  SCV  
  48  5:03  SCV  
  48  5:04  Orbital Command  
  48  5:08  Barracks Tech Lab  
  48  5:11  Marauder  
  50  5:16  SCV  
  51  5:28  SCV  
  52  5:30  Marine x3  
  52  5:31  Marine  
  52  5:32  Marauder  
  58  5:40  SCV  
  59  5:44  Supply Depot  
  59  5:47  Marauder  
  59  5:48  Marine x3  
  64  5:57  SCV x2  
  66  6:09  SCV x2  
  66  6:11  Supply Depot  
  68  6:17  Marine x2, Marauder  
  72  6:21  SCV  
  72  6:22  SCV  
  74  6:33  Combat Shields, Concussive Shells, SCV  
  74  6:34  SCV  
  74  6:35  Marauder  
  78  6:40  Supply Depot  
  78  6:45  SCV  
  78  6:46  Marine x5  
  84  6:50  Supply Depot  
  84  6:56  Marine, SCV  
  84  6:57  SCV  
  87  7:03  Marine  
  87  7:06  Marine x3  
  91  7:08  SCV  
  91  7:10  SCV  
  93  7:19  Marine x2  
  93  7:21  Marine, SCV  
  93  7:22  SCV  
  98  7:23  Marine  
  99  7:33  SCV  
  99  7:34  SCV  
  100  8:11  Refinery  
  100  8:12  Command Center  
  100  8:14  SCV x2  
  100  8:17  Refinery  
  102  8:26  SCV  
  102  8:27  SCV  
Show
View Real Time Build Order
Export as new Build Order

Player 2 Protoss 

Build Orders:  

Get SALT Encoding   

  12  0:01  Probe (Chrono Boost)  
  13  0:11  Probe (Chrono Boost)  
  14  0:20  Pylon  
  14  0:35  Assimilator  
  14  0:42  Gateway  
  14  0:45  Pylon  
  14  1:12  Assimilator  
  14  1:19  Probe (Chrono Boost)  
  15  1:30  Probe (Chrono Boost), Cybernetics Core  
  16  1:40  Probe (Chrono Boost)  
  17  1:51  Probe (Chrono Boost)  
  18  1:56  Warp Gate  
  19  2:02  Probe (Chrono Boost)  
  19  2:07  Stalker  
  19  2:14  Probe (Chrono Boost)  
  22  5:35  Zealot  
  22  5:38  Pylon  
  22  5:39  Probe (Chrono Boost)  
  26  5:50  Probe (Chrono Boost)  
  26  5:52  Nexus  
  26  6:01  Probe (Chrono Boost)  
  25  6:12  Probe (Chrono Boost)  
  25  6:16  Pylon  
  26  6:23  Probe (Chrono Boost)  
  27  6:29  Zealot  
  28  6:34  Probe (Chrono Boost)  
  29  6:46  Probe (Chrono Boost)  
  30  7:05  Probe (Chrono Boost)  
  31  7:12  Probe (Chrono Boost)  
  31  7:13  Assimilator  
  32  7:19  Probe (Chrono Boost)  
  33  7:23  Stalker  
  33  7:27  Probe (Chrono Boost)  
  36  7:30  Assimilator  
  36  7:34  Probe (Chrono Boost)  
  37  7:40  Probe (Chrono Boost)  
  38  7:48  Probe (Chrono Boost)  
  32  8:02  Probe (Chrono Boost)  
  24  8:13  Probe (Chrono Boost)  
  24  8:16  Zealot  
  26  8:24  Probe (Chrono Boost)  
  27  8:35  Probe (Chrono Boost)  
  26  8:46  Probe (Chrono Boost)  
  25  8:57  Probe (Chrono Boost)  
  18  9:07  Probe (Chrono Boost)  
  18  9:08  Pylon  
  8  9:20  Nexus  
  8  9:22  Assimilator  
  2  9:26  Assimilator  
Tags
 
Add a new tag
Caveats
  • Supply blocks, unpowered buildings, or Contaminate may cause inaccurate times.
  • Supply counts are checked every 10 seconds.